 Dungeon Crawl Stone Soup version 0.25.1-8-g42b30a86e7 (webtiles) character file.

Game seed: 16705637201404881641

113 KamiKatze the Shield-Bearer (level 5, 0/42 HPs)
             Began as a Formicid Fighter on Dec 27, 2020.
             Killed by nerve-wracking pain
             ... invoked by Grinder
              (9 damage)
             ... on level 3 of the Dungeon.
             The game lasted 00:08:08 (2044 turns).

KamiKatze the Shield-Bearer (Formicid Fighter)      Turns: 2044, Time: 00:08:09

Health: 0/42       AC:  8    Str: 21    XL:     5   Next: 17%
Magic:  5/5        EV:  8    Int:  8    God:
Gold:   93         SH:  9    Dex: 10    Spells: 4/4 levels left

rFire    . . .     SeeInvis +   a - +0 war axe
rCold    . . .     Gourm    .   c - +0 kite shield
rNeg     . . .     Faith    .   b - +0 scale mail
rPois    .         Spirit   .   (helmet unavailable)
rElec    .         Reflect  .   l - +0 cloak
rCorr    .         Harm     .   (no gloves)
MR       .....                  (no boots)
Stlth    ..........             (no amulet)
HPRegen  0.14/turn              (no ring)
MPRegen  0.09/turn              (no ring)

@: mighty
A: permanent stasis, dig shafts and tunnels, four strong arms, antennae 3
a: Dig, Shaft Self


You were on level 3 of the Dungeon.
You were not hungry.

You visited 1 branch of the dungeon, and saw 3 of its levels.

You collected 93 gold pieces.

Inventory:

Hand Weapons
 a - a +0 war axe (weapon)
 u - a +0 flail
Missiles
 h - 51 stones
 k - 14 arrows
 s - a boomerang (quivered)
 t - 40 sling bullets
Armour
 b - a +0 scale mail (worn)
 c - a +0 kite shield (worn)
 l - a +0 cloak (worn)
 n - a +0 plate armour
 v - a +0 chain mail
Jewellery
 q - an uncursed ring of protection from magic {unknown}
Scrolls
 e - 5 scrolls of remove curse
 i - 2 scrolls of enchant weapon {unknown}
 j - 5 scrolls of identify
 o - 2 scrolls of enchant armour {unknown}
 r - a scroll of teleportation {unknown}
 x - a scroll of amnesia {unknown}
Potions
 m - 3 potions of stabbing
 p - 2 potions of mutation
 w - 2 potions of lignification
Comestibles
 f - 5 rations


   Skills:
 + Level 3.9 Fighting
 * Level 3.2 Axes
 + Level 3.8 Armour
 * Level 4.7 Shields


You had 4 spell levels left.
You didn't know any spells.
Your spell library was empty.

Dungeon Overview and Level Annotations

Branches:
Dungeon (3/15)

Altars:
Nemelex Xobeh

Annotations:
D:3 Grinder


Innate Abilities, Weirdness & Mutations

You cannot be hasted, slowed, berserked, paralysed or teleported.
You can dig through walls and to a lower floor.
Your four strong arms can wield two-handed weapons with a shield.
You have a pair of large antennae on your head. (SInv)


Message History

Grinder hits you.
* * * LOW HITPOINT WARNING * * *
You barely miss Grinder.
Grinder is heavily wounded.
You block Grinder's attack. Grinder closely misses you.
You hit Grinder.
Grinder is heavily wounded.
Grinder blinks!
Okay, then.
As you read the scroll labeled NOMMI JASSIA, it crumbles to dust.
You feel blessed for a moment.
It was a scroll of remove curse.
You start resting.
Grinder is too close now for your liking.
You feel very mighty all of a sudden. Grinder gestures at you.
Pain shoots through your body!
* * * LOW HITPOINT WARNING * * *
Grinder gestures at you. Pain shoots through your body!
You die...

#.# ##...###. #.#
##.## #. #.#
#ยง####. #.#
#.##... #)#
#.##.## #.# #.##.#
#.# #.##.# #.#
#.##.##
#@##########......
#.5...............
###############.##
#... #... #...
##.. #.. ###


You could see Grinder.

Vanquished Creatures
  Robin (D:2)
  A gnoll (D:1)
  3 adders
  A worm (D:2)
  3 dart slugs (D:1)
  4 orcs
  4 giant cockroaches
  10 goblins
  5 hobgoblins
  4 jackals
  5 bats
  5 frilled lizards
  4 kobolds
  3 rats
53 creatures vanquished.

Notes
Turn   | Place    | Note
-------+----------+-------------------------------------------
     0 | D:1      | KamiKatze the Formicid Fighter began the quest for the Orb.
     0 | D:1      | Reached XP level 1. HP: 18/18 MP: 1/1
    27 | D:1      | Reached XP level 2. HP: 9/24 MP: 2/2
   294 | D:1      | Reached skill level 4 in Shields
   358 | D:1      | Reached XP level 3. HP: 29/29 MP: 3/3
   948 | D:2      | Reached XP level 4. HP: 35/37 MP: 4/4
  1503 | D:2      | Found a sparkling altar of Nemelex Xobeh.
  1503 | D:2      | Noticed Robin
  1533 | D:2      | Killed Robin
  1685 | D:2      | Reached XP level 5. HP: 42/42 MP: 5/5
  1968 | D:3      | Noticed Grinder
  2044 | D:3      | Killed from afar by Grinder

Illustrated notes

Levels and vault maps discovered:
D:1:      mrwooster_arrival_statue, layout_loops_ring
D:2:      layout_basic, nemelex_altar_shiori, chequers_serial_rivers_micro_e,
          uniq_robin
D:3:      layout_loops_ring, nicolae_overflow_hidden_temple,
          lemuel_doored_altar, nicolae_overflow_crystal_walls, first_ration,
          uniq_grinder, uniq_natasha, uniq_ijyb

Skill      XL: |  1  2  3  4 |
---------------+-------------+-----
Shields        | 4 |  4.7
Axes           | 3 |  3.2
Fighting       | |  3.9
Armour         | |  3.8

Action                   |  1- 3 |  4- 6 || total
-------------------------+-------+-------++-------
Melee: War axe           |    69 |   106 ||   175
Throw: Stone             |     5 |     3 ||     8
  Use: Scroll            |       |     4 ||     4
       Potion            |       |     1 ||     1
  Eat: Chunk             |       |     4 ||     4
Armor: Scale mail        |    25 |    69 ||    94
Dodge: Dodged            |    27 |    50 ||    77
Block: Kite shield       |    44 |    75 ||   119
